Map: [ESL] Data-C

Players

Neeb - Winner!

  • Race: Protoss Protoss
  • Spawn Location: 3:00

Creature

  • Race: Protoss Protoss
  • Spawn Location: 9:00

Event: DreamHack SC2 Masters 2022 Atlanta (Online)

VOD

Have the link to the VOD?

Description

Time

  • Played on: Oct. 8, 2022, 4:19 p.m.
  • Length: 5:10

All games in this series

Show
View Real Time Build Order
Export as new Build Order

Neeb Protoss - Winner!

Build Orders:  

Get SALT Encoding   

  12  0:00  Probe  
  13  0:13  Probe  
  14  0:17  Pylon  
  14  0:25  Probe (Chrono Boost)  
  15  0:36  Gateway  
  15  0:37  Probe (Chrono Boost)  
  16  0:44  Probe (Chrono Boost)  
  16  0:46  Assimilator  
  17  0:51  Probe  
  18  0:59  Assimilator  
  18  1:03  Probe (Chrono Boost)  
  19  1:08  Gateway  
  19  1:12  Probe (Chrono Boost)  
  19  1:17  Probe (Chrono Boost)  
  20  1:24  Cybernetics Core  
  21  1:29  Probe  
  22  1:37  Pylon  
  22  1:41  Probe  
  23  1:56  Probe  
  23  2:00  Warp Gate (Chrono Boost)  
  24  2:03  Stalker x2  
  24  2:08  Probe  
  29  2:16  Pylon  
  29  2:29  Pylon  
  29  2:34  Stalker x2  
  33  2:55  Nexus  
  33  2:58  Probe  
  34  3:05  Pylon  
  34  3:09  Sentry  
  36  3:17  Twilight Council  
  36  3:20  Probe  
  36  3:32  Probe  
  36  3:34  Shield Battery  
  37  3:44  Probe  
  36  3:56  Probe  
  36  4:02  Stalker x2  
  39  4:08  Probe  
  40  4:11  Probe  
  41  4:20  Probe  
  41  4:23  Probe  
  43  4:25  Adept x2  
  47  4:32  Probe  
  47  4:33  Robotics Facility  
  47  4:35  Probe  
  49  4:45  Probe  
  50  4:48  Probe, Stalker x2  
  55  4:56  Pylon  
  55  4:57  Probe  
Show
View Real Time Build Order
Export as new Build Order

Creature Protoss 

Build Orders: Phoenix Opening 

Get SALT Encoding   

  12  0:00  Probe  
  13  0:12  Probe  
  14  0:17  Pylon  
  14  0:24  Probe  
  15  0:36  Gateway  
  15  0:37  Probe (Chrono Boost)  
  16  0:47  Assimilator  
  16  0:48  Probe (Chrono Boost)  
  17  0:52  Probe (Chrono Boost)  
  17  0:55  Assimilator  
  18  1:03  Probe (Chrono Boost)  
  19  1:12  Probe (Chrono Boost)  
  19  1:16  Gateway  
  19  1:17  Probe (Chrono Boost)  
  21  1:25  Cybernetics Core  
  21  1:29  Probe  
  22  1:41  Probe  
  22  1:46  Pylon  
  23  2:04  Warp Gate, Probe, Stalker x2  
  28  2:16  Pylon  
  28  2:30  Pylon  
  28  2:35  Stalker  
  28  2:36  Sentry  
  32  2:53  Nexus  
  32  2:57  Probe  
  33  3:05  Twilight Council  
  33  3:09  Phoenix  
  33  3:11  Probe  
  34  3:17  Sentry  
  36  3:21  Stalker  
  38  3:29  Pylon  
  38  3:30  Probe  
  33  3:54  Stalker  
  30  4:04  Probe (Chrono Boost)  
  30  4:08  Dark Shrine, Probe (Chrono Boost)  
  32  4:16  Probe (Chrono Boost)  
  33  4:20  Probe (Chrono Boost)  
  33  4:23  Probe (Chrono Boost)  
  35  4:25  Probe (Chrono Boost)  
  36  4:33  Probe (Chrono Boost)  
  36  4:34  Probe (Chrono Boost)  
  38  4:45  Probe (Chrono Boost)  
  40  4:47  Probe (Chrono Boost)  
  40  4:48  Pylon  
  40  4:50  Probe (Chrono Boost)  
  41  4:54  Probe  
  41  4:55  Robotics Facility  
Tags
 
Add a new tag
Caveats
  • Supply blocks, unpowered buildings, or Contaminate may cause inaccurate times.
  • Supply counts are checked every 10 seconds.